 Dungeon Crawl Stone Soup version 0.30-a0-830-gfe289a77b0 (webtiles) character file.

Game seed: 15108524714103938510

30 pyrow613 the Trooper (level 2, 0/26 HPs)
             Began as a Demigod Fighter on Feb 28, 2023.
             Slain by a worm (2 damage)
             ... on level 2 of the Dungeon.
             The game lasted 00:02:14 (1230 turns).

pyrow613 the Trooper (Demigod Fighter)              Turns: 1230, Time: 00:02:14

Health: 0/26       AC:  8    Str: 17    XL:     2   Next: 87%
Magic:  4/4        EV:  4    Int: 10    God:
Gold:   63         SH:  0    Dex: 13    Spells: 1/1 levels left

rFire   . . .      SeeInvis .    a - +0 war axe
rCold   . . .      Faith    .    (no shield)
rNeg    . . .      Spirit   .    h - +0 chain mail
rPois   .          Reflect  .    (no helmet)
rElec   .          Harm     .    (no cloak)
rCorr   .          Rampage  .    (no gloves)
Will    .....                    (no boots) Stlth
                                 (no amulet)
HPRegen 0.24/turn                (no ring)
MPRegen 0.09/turn                (no ring)

@: confused, mighty, constricted
A: high MP 1, forlorn, divine attributes
a: no special abilities


You were on level 2 of the Dungeon.
You visited 1 branch of the dungeon, and saw 2 of its levels.

You collected 63 gold pieces.

Inventory:

Hand Weapons
 a - a +0 war axe (weapon)
Missiles
 b - 4 javelins (quivered)
Armour
 c - a +0 buckler
 h - a +0 chain mail (worn)
Scrolls
 f - 2 scrolls of torment {unknown}
 g - 2 scrolls of identify {unknown}
Potions
 e - 2 potions of curing {unknown}


   Skills:
 + Level 3.1 Fighting
 * Level 2.8 Axes
 - Level 2.6 Armour
 - Level 2.6 Shields


You had one spell level left.
You didn't know any spells.
Your spell library was empty.

Dungeon Overview and Level Annotations

Branches:
Dungeon (2/15)

Shops:
D:1 *!(?

Annotations:
D:2 Sigmund


Innate Abilities, Weirdness & Mutations

You have an increased reservoir of magic. (+10% MP)
You shall have no god before yourself.
Your divine heritage dramatically boosts your attributes as you level up.


Message History

The frilled lizard bites you.
You climb upwards.
There is a stone staircase leading down here.
You slash the frilled lizard!
You kill the frilled lizard!
No target in view!
No target in view!
Okay, then.
Okay, then.
You feel very mighty all of a sudden.
You climb downwards.
Level annotation: Sigmund Sigmund mumbles some strange words.
Sigmund flickers and vanishes!
Deactivating autopickup; reactivate with Ctrl-A.
The ball python bites you but does no damage.
The ball python grabs you. The ball python constricts you.
There is a stone staircase leading up here.
You slash the ball python!
You kill the ball python!
A puff of flame appears from out of thin air!
The puff of flame hits you.
Found a club.
You hear some strange, mumbled words.
You are confused.
Something hits you!
The ball python bites you but does no damage.
The ball python grabs you. The ball python constricts you.
You escape the ball python's grasp.
Something hits you.
* * * LOW HITPOINT WARNING * * *
The worm bites you but does no damage.
You miss something. You closely miss the ball python. You slash the worm!
The ball python bites you but does no damage.
The ball python grabs you. The ball python constricts you.
The ball python bites you.
* * * LOW HITPOINT WARNING * * *
The ball python constricts you. Something hits you.
* * * LOW HITPOINT WARNING * * *
The worm bites you.
You die...

...............#
................
...............
#.#...........
#.............
#.............
#...S.......#
##....@......#
#...<.w{.....#
#.#..........#
.. #..........#
. ...........##
...........##
)....##.######
..... #.. ....#
##.


You could see a worm and a ball python.

Vanquished Creatures
  A dart slug (D:1)
  2 ball pythons
  5 bats (D:1)
  An endoplasm (D:1)
  A giant cockroach (D:1)
  6 goblins (D:1)
  A hobgoblin (D:1)
  3 kobolds (D:1)
  A quokka (D:1)
  A frilled lizard (D:1)
  2 rats (D:1)
24 creatures vanquished.

Notes
Turn   | Place    | Note
-------+----------+-------------------------------------------
     0 | D:1      | pyrow613 the Demigod Fighter began the quest for the Orb.
     0 | D:1      | Reached XP level 1. HP: 18/18 MP: 3/3
    70 | D:1      | Found Wut Ergh's Magic Scroll Emporium.
   112 | D:1      | Found Aveafeer's Distillery.
   131 | D:1      | Reached XP level 2. HP: 25/25 MP: 4/4
   351 | D:1      | Reached skill level 3 in Fighting
   808 | D:1      | Found Ydarhaf's Antique Weapon Emporium.
   831 | D:1      | Found Monuxag's Assorted Antiques.
   897 | D:1      | Found Zuil Jyl's Assorted Antiques.
  1219 | D:2      | Noticed Sigmund
  1230 | D:2      | Slain by a worm

Illustrated notes

Levels and vault maps discovered:
D:1:      minmay_arrival_cross, layout_basic, serial_shops,
          nicolae_shop_behind_doors, shop_statue, nicolae_shop_trees,
          nicolae_diamond_shop, shop
D:2:      layout_rooms, serial_shops, shop, uniq_sigmund

Skill      XL: |  1  2 |
---------------+-------+-----
Axes           | 2 |  2.8
Fighting       | 3 |  3.1
Armour         | |  2.6
Shields        | |  2.6

Action                     || total
---------------------------++-------
  Melee: War axe           ||    80
    Use: Potion            ||     1
 Armour: Scale mail        ||    20
         Chain mail        ||    27
  Dodge: Dodged            ||    45

Table legend: (Time is in decaauts)
 A = Elapsed time spent in this place.
 B = Non-inter-level travel time spent in this place.
 C = Inter-level travel time spent in this place.
 D = Time resting spent in this place.
 E = Time spent auto-exploring this place.
 F = Levels seen in this place.
 G = Mean time per level.
                   A        B        C        D        E       F      G
               +--------+--------+--------+--------+--------+-----+--------+
         Total |   1260 |   1202 |     58 |     66 |    907 |   2 |  630.0 |
       Dungeon |   1260 |   1202 |     58 |     66 |    907 |   2 |  630.0 |
               +--------+--------+--------+--------+--------+-----+--------+

Top non-repeatable levels by time:
     D:1: 1253 daAuts
     D:2: 7 daAuts
